 Dungeon Crawl Stone Soup version 0.21-a0-278-ga722497 (webtiles) character file.

67 vishdafish the Grave Robber (level 3, -3/24 HPs)
             Began as a Demonspawn Necromancer on Sept 23, 2017.
             Slain by a worm (6 damage)
             ... on level 2 of the Dungeon.
             The game lasted 00:04:30 (1902 turns).

vishdafish the Grave Robber (DsNe)                  Turns: 1902, Time: 00:04:31

Health: -3/24      AC:  2    Str:  8    XL:     3   Next: 98%
Magic:  0/7        EV: 12    Int: 17    God:
Gold:   75         SH:  0    Dex: 10    Spells: 6/7 levels left

rFire    . . .     SeeInvis .   g - +0 short sword
rCold    . . .     Gourm    .   (no shield)
rNeg     . . .     Faith    .   e - +0 robe (curse)
rPois    .         Spirit   +   (helmet restricted)
rElec    .         Reflect  .   (no cloak)
rCorr    .         Harm     .   (no gloves)
MR       .....                  (no boots)
Stlth    ++........             (no amulet)
HPRegen  0.08/turn              i - -3 ring of dexterity (curse)
MPRegen  0.10/turn              (no ring)

@: no status effects
A: horns 1, magic shield
a: no special abilities


You were on level 2 of the Dungeon.
You were near starving.

You visited 1 branch of the dungeon, and saw 2 of its levels.

You collected 75 gold pieces.

Inventory:

Hand Weapons
 g - a +0 short sword (weapon)
Armour
 e - a cursed +0 robe (worn)
Jewellery
 i - a cursed -3 ring of dexterity (left hand)
Scrolls
 a - a scroll of random uselessness {unknown}
 j - a scroll of enchant weapon {unknown}
Potions
 f - 2 potions of degeneration {unknown}
 h - a potion of resistance {unknown}
 k - a potion of haste {unknown}
Books
 b - a book of Necromancy

   Spells                             Type                      Level
   a - Pain                           Necromancy                   1
   b - Animate Skeleton               Necromancy                   1
   c - Vampiric Draining              Necromancy                   3
   d - Regeneration                   Charms/Necromancy            3
   e - Animate Dead                   Necromancy                   4
   f - Control Undead                 Necromancy                   4
Comestibles
 c - a bread ration
 d - a meat ration


   Skills:
 - Level 2.0 Dodging
 - Level 1.7 Stealth
 + Level 2.8 Spellcasting
 * Level 5.4 Necromancy


You had 6 spell levels left.
You knew the following spells:

 Your Spells              Type           Power        Failure   Level  Hunger
a - Pain                  Necr           ###.         1%          1    #......


Dungeon Overview and Level Annotations

Branches:
Dungeon (2/15)

Altars:
Vehumet


Innate Abilities, Weirdness & Mutations

You have a pair of small horns on your head.
When hurt, damage is shared between your health and your magic reserves.


Message History

The worm closely misses you.
You hit the worm.
The worm is heavily wounded.
The worm bites you!
You hit the worm but do no damage.
The worm is heavily wounded.
You hit the worm but do no damage. You headbutt the worm.
The worm is severely wounded.
The worm bites you!
* * * LOW HITPOINT WARNING * * *
You hit the worm.
You headbutt the worm, but do no damage.
The worm is severely wounded.
Casting: Pain
Confirm with . or Enter, or press ? or * to list all spells.
Aiming: Pain
Press: ? - help, Shift-Dir - straight line, f/p - worm
Aim: a worm (severely wounded, chance to defeat MR: 86%)
The worm writhes in agony!
The worm bites you!
You die...

############
#..........#
#..........#
#..........#
#..........#
########.......>..#
..........).......#
..................#
............@w....#
..........##.######
.............###.#
#...........## #.#
#...........# #.#
............####.#
##............#..#
............#.#.###...
.....#.................


You could see a worm.

Vanquished Creatures
  Terence (D:2)
  A worm (D:2)
  3 leopard geckos
  5 bats
  4 giant cockroaches (D:1)
  4 goblins
  3 hobgoblins (D:2)
  A ball python (D:2)
  2 frilled lizards
  7 kobolds
  5 rats
36 creatures vanquished.

Notes
Turn   | Place    | Note
-------+----------+-------------------------------------------
     0 | D:1      | vishdafish the Demonspawn Necromancer began the quest for the Orb.
     0 | D:1      | Reached XP level 1. HP: 13/13 MP: 3/3
   419 | D:1      | Gained mutation: When hurt, damage is shared between your health and your magic reserves. [demonic ancestry]
   419 | D:1      | Reached XP level 2. HP: 19/19 MP: 3/5
   963 | D:1      | Reached skill level 5 in Necromancy
  1466 | D:2      | Found a radiant altar of Vehumet.
  1486 | D:2      | Gained mutation: You have a pair of small horns on your head. [demonic ancestry]
  1486 | D:2      | Reached XP level 3. HP: 22/24 MP: 4/6
  1848 | D:2      | Noticed Terence
  1853 | D:2      | Killed Terence
  1902 | D:2      | Slain by a worm

Vault maps used:
D:1:      saegor_arrival_simple_a
D:2:      fiery_altar_vehumet, uniq_terence

Skill      XL: |  1  2 |
---------------+-------+-----
Dodging        | 2 |  2.0
Necromancy     | 5 |  5.4
Stealth        | |  1.7
Spellcasting   | |  2.8

Action                   || total
-------------------------++-------
Melee: Unarmed           ||    30
       Short sword       ||    52
       Headbutt          ||     4
 Cast: Pain              ||    49
  Use: Scroll            ||     1
 Stab: Sleeping          ||     1
  Eat: Chunk             ||     2
Armor: Robe              ||    32
Dodge: Dodged            ||    91

Table legend:
 A = Spawn XP
 B = Non-spawn XP
 C = Spawn XP percentage of total XP
 D = Spawn monster count
 E = Non-spawn monster count
 F = Spawn count percentage of total count
 G = Total turns spent on level
                    A         B        C        D         E        F      G
               +---------+---------+-------+---------+---------+-------+---------
         Total |       0 |      96 |   0.0 |       0 |      36 |   0.0 |  1902
               +---------+---------+-------+---------+---------+-------+---------
           D:1 |       0 |      35 |   0.0 |       0 |      22 |   0.0 |  1334
           D:2 |       0 |      61 |   0.0 |       0 |      14 |   0.0 |   568
               +---------+---------+-------+---------+---------+-------+---------
